 Dungeon Crawl Stone Soup version 0.28-a0-537-g3bccd9ccbf (webtiles) character file.

Game seed: 13380059945400243525

49 SkeletonJelly the Insei (level 3, 0/17 HPs)
             Began as a Vine Stalker Transmuter on Sept 28, 2021.
             Succumbed to an adder's poison
             ... on level 2 of the Dungeon.
             The game lasted 00:02:53 (1455 turns).

SkeletonJelly the Insei (Vine Stalker Transmuter)   Turns: 1455, Time: 00:02:54

Health: 0/17       AC:  2    Str: 12    XL:     3   Next: 75%
Magic:  3/16       EV: 12    Int: 14    God:
Gold:   25         SH:  0    Dex: 14    Spells: 3/6 levels left

rFire   . . .      SeeInvis .     - Unarmed
rCold   . . .      Faith    .   (no shield)
rNeg    . . .      Spirit   +   a - +0 robe
rPois   .          Reflect  .   (no helmet)
rElec   .          Harm     .   (no cloak)
rCorr   .          Rampage  .   (no gloves)
Will    .....                   (no boots)
Stlth   +.........              j - amulet of the acrobat
HPRegen 0.05/turn               e - ring of magical power
MPRegen 0.15/turn               (no ring)

@: lethally poisoned (0 -> -9)
A: fangs 2, magic shield, antimagic bite, no potion heal 2
a: no special abilities


You were on level 2 of the Dungeon.
You visited 1 branch of the dungeon, and saw 2 of its levels.

You collected 25 gold pieces.

Inventory:

Armour
 a - a +0 robe (worn)
Jewellery
 e - a ring of magical power (left hand)
 j - an amulet of the acrobat (around neck)
Scrolls
 b - 2 scrolls of teleportation {unknown}
 c - a scroll of brand weapon {unknown}
 d - 2 scrolls of enchant weapon {unknown}
 f - a scroll of magic mapping {unknown}
 g - a scroll of fear {unknown}
 h - a scroll of vulnerability {unknown}


   Skills:
 - Level 0.8 Fighting
 - Level 1.5 Dodging
 + Level 3.5 Unarmed Combat
 - Level 2.1 Spellcasting
 * Level 3.4 Transmutations


You had 3 spell levels left.
You knew the following spells:

 Your Spells              Type           Power      Damage    Failure   Level
a - Beastly Appendage     Tmut           22%        N/A       5%          1
s - Wereblood             Tmut           11%        N/A       9%          2

Your spell library contained the following spells:

 Spells                   Type           Power      Damage    Failure   Level
 Spider Form              Tmut/Pois      3%         N/A       34%         3
 Ice Form                 Ice/Tmut       6%         N/A       75%         4


Dungeon Overview and Level Annotations

Branches:
Dungeon (2/15)

Altars:


Innate Abilities, Weirdness & Mutations

You have extremely sharp teeth.
When hurt, damage is shared between your health and your magic reserves.
Your bite disrupts and absorbs the magic of your enemies.
Potions cannot restore your health.


Message History

The adder is moderately wounded.
The adder bites you.
You are poisoned.
The adder poisons you!
You take 1 damage, and have 16/17 hp.
You now have 12/16 mp.
You barely miss the adder.
The adder is moderately wounded.
You feel sick. The adder closely misses you.
You take 2 damage, and have 14/17 hp.
You closely miss the adder. Your bite misses the adder.
The adder is moderately wounded.
You feel sick. The adder misses you.
You take 1 damage, and have 13/17 hp.
You barely miss the adder.
The adder is moderately wounded.
You feel sick. The adder barely misses you.
You take 1 damage, and have 12/17 hp.
You hit the adder. Your bite misses the adder.
The adder is severely wounded.
You feel sick. The adder bites you.
You take 1 damage, and have 11/17 hp.
You now have 11/16 mp.
You miss the adder. Your kick misses the adder. Your bite misses the adder.
The adder is severely wounded.
The adder closely misses you. The adder completely misses you.
You barely miss the adder. Your bite misses the adder.
The adder is severely wounded.
You feel sick. The adder bites you.
You take 3 damage, and have 8/17 hp.
You now have 10/16 mp.
You are too injured to fight recklessly!
You are too injured to fight recklessly!
You are too injured to fight recklessly!
You are too injured to fight recklessly!
You are too injured to fight recklessly!
You are too injured to fight recklessly!
You are too injured to fight recklessly!
You are too injured to fight recklessly!
You are too injured to fight recklessly!
You hit the adder. Your kick misses the adder.
The adder is severely wounded.
Your transformation is almost over.
You feel sick.
You are no longer poisoned.
The adder bites you.
* * * LOW HITPOINT WARNING * * *
You take 3 damage, and have 5/17 hp.
You now have 9/16 mp.
You hit the adder but do no damage. Your kick misses the adder.
The adder is severely wounded.
The adder barely misses you.
You miss the adder.
The adder is severely wounded.
Your primal bloodlust is almost over.
The adder bites you.
* * * LOW HITPOINT WARNING * * *
You take 2 damage, and have 3/17 hp.
You now have 7/16 mp.
You barely miss the adder.
The adder is severely wounded.
The adder completely misses you. The adder bites you.
* * * LOW HITPOINT WARNING * * *
You take 1 damage, and have 2/17 hp.
You now have 3/16 mp.
Throw: 3 darts (curare)
Press: ? - help, Q - select action, (/) - cycle Shift-Dir - straight line, f/p - adder
Aim: an adder (severely wounded, 38% to hit)
You throw a curare-tipped dart.
The curare-tipped dart closely misses the adder.
The adder bites you but does no damage. The adder barely misses you.
Your primal bloodlust has ended.
Your horns disappear.
Your talons disappear.
The adder completely misses you. The adder misses you.
Throw: 2 darts (curare)
Press: ? - help, Q - select action, (/) - cycle Shift-Dir - straight line, f/p - adder
Aim: an adder (severely wounded, 38% to hit)
You throw a curare-tipped dart.
The curare-tipped dart barely misses the adder.
The adder barely misses you.
Throw: dart (curare)
Press: ? - help, Q - select action, (/) - cycle Shift-Dir - straight line, f/p - adder
Aim: an adder (severely wounded, 38% to hit)
You throw a curare-tipped dart.
The curare-tipped dart completely misses the adder.
The adder bites you.
You are lethally poisoned!
The adder poisons you!
You now have 4/16 mp.
You aren't carrying any potions.
You barely miss the adder.
The adder is severely wounded.
* * * LOW HITPOINT WARNING * * *
You feel sick. The adder bites you.
You are more poisoned.
The adder poisons you!
You take 2 damage, and have 1/17 hp.
You now have 3/16 mp.
Unknown command.
Unknown command.
Unknown command.
Unknown command.
You hit the adder.
You kill the adder!
You die...

#†...##.......##..##.# #.# #
.........##.......##..##.# #.# #
#........##.......##..##.# #.# #
#..#...............#..##.# #.# #
##.#...............#..##.###.####
..................#..##.........
##[##.#..##..............)...####
.. #........####.##..##.#####
...##....(......@(....##.#
((.....>.....####.##..##.#
...####.###..# #.##..##.# #.#
#..# #.##..##.# ###### #..#
#.##..##.# ###...#######
#.##..##.# ##.......##..#
#.##..##.#######
#8...8..)....####...............
#_......)8...........###########


There were no monsters in sight!

Vanquished Creatures
  An adder (D:2)
  2 dart slugs (D:1)
  2 endoplasms
  A giant cockroach (D:1)
  7 hobgoblins
  3 jackals (D:1)
  5 kobolds
  2 quokkas (D:1)
  2 ball pythons
  6 bats
  6 frilled lizards
  3 goblins
  2 rats (D:1)
42 creatures vanquished.

Notes
Turn   | Place    | Note
-------+----------+-------------------------------------------
     0 | D:1      | SkeletonJelly the Vine Stalker Transmuter began the quest
                  | for the Orb.
     0 | D:1      | Reached XP level 1. HP: 9/9 MP: 4/4
   353 | D:1      | Reached XP level 2. HP: 14/14 MP: 6/6
   523 | D:1      | Reached XP level 3. HP: 14/17 MP: 7/7
   527 | D:1      | Learned a level 2 spell: Wereblood
  1395 | D:2      | Found a faded altar of an unknown god.
  1455 | D:2      | Succumbed to an adder's poison

Illustrated notes

Levels and vault maps discovered:
D:1:      mushboom_english_gardens, layout_basic, minmay_cupped
D:2:      layout_basic, hellmonk_ecumenical_altar_prayer_group, corexii_shack

Skill      XL: |  1  2 |
---------------+-------+-----
Transmutations | 3 |  3.4
Fighting       | |  0.8
Dodging        | |  1.5
Unarmed Combat | |  3.5
Spellcasting   | |  2.1

Action                   || total
-------------------------++-------
Melee: Unarmed           ||    98
       Headbutt          ||    15
       Kick              ||    20
       Bite              ||    11
Throw: Dart              ||     5
 Cast: Beastly Appendage ||    24
       Wereblood         ||    13
Armor: Robe              ||    17
Dodge: Dodged            ||    70

Table legend: (Time is in decaauts)
 A = Elapsed time spent in this place.
 B = Non-inter-level travel time spent in this place.
 C = Inter-level travel time spent in this place.
 D = Time resting spent in this place.
 E = Time spent auto-exploring this place.
 F = Levels seen in this place.
 G = Mean time per level.
                   A        B        C        D        E       F      G
               +--------+--------+--------+--------+--------+-----+--------+
         Total |   1448 |   1424 |     24 |      0 |   1154 |   2 |  724.0 |
       Dungeon |   1448 |   1424 |     24 |      0 |   1154 |   2 |  724.0 |
               +--------+--------+--------+--------+--------+-----+--------+

Top non-repeatable levels by time:
     D:1: 1144 daAuts
     D:2: 304 daAuts
